 Dungeon Crawl Stone Soup version 0.20.1-1-g8b1a95d (webtiles) character file.

98 drunk the Magician (level 4, 0/33 HPs)
             Began as a Demigod Wizard on July 11, 2017.
             Slain by a hound (4 damage)
             ... on level 5 of the Dungeon.
             The game lasted 00:08:10 (3271 turns).

drunk the Magician (Demigod Wizard)                 Turns: 3271, Time: 00:08:11

Health: 0/33       AC:  2    Str: 11 (12) XL:     4   Next: 21%
Magic:  5/12       EV: 12    Int: 20 (22) God:
Gold:   165        SH:  0    Dex: 12 (14) Spells: 0/10 levels left

rFire    + . .     SeeInvis .   j - +0 dagger
rCold    + . .     Gourm    .   (no shield)
rNeg     + . .     Faith    .   a - +0 robe
rPois    +         Spirit   .   b - +0 hat
rElec    +         Reflect  .   (no cloak)
rCorr    +         Harm     .   (no gloves)
MR       .....                  (no boots)
Stlth    ++........             (no amulet)
Regen    0.2/turn               q - ring of positive energy
MPRegen  0.2/turn               (no ring)

@: resistant, hasted, very quick
A: high mp 1
a: no special abilities


You were on level 5 of the Dungeon.
You were not hungry.

You visited 1 branch of the dungeon, and saw 5 of its levels.

You collected 165 gold pieces.

Inventory:

Hand Weapons
 d - a +0 hunting sling
 j - a +0 dagger (weapon)
Missiles
 v - 2 needles of paralysis
Armour
 a - a +0 robe (worn)
 b - a +0 hat (worn)
 n - a +0 ring mail of fire resistance
Jewellery
 k - a -2 ring of protection
 q - a ring of positive energy (left hand)
Scrolls
 e - 3 scrolls of remove curse
 h - a scroll of fog
 l - 4 scrolls of identify {unknown}
 o - a scroll of enchant weapon {unknown}
 p - 2 scrolls of recharging {unknown}
 t - a scroll of enchant armour {unknown}
 u - a scroll of magic mapping {unknown}
 x - a scroll of amnesia {unknown}
 y - a scroll of blinking {unknown}
Books
 c - a book of Minor Magic

   Spells                             Type                      Level
   a - Magic Dart                     Conjuration                  1
   b - Blink                          Translocation                2
   c - Call Imp                       Summoning                    2
   d - Slow                           Hexes                        2
   e - Conjure Flame                  Conjuration/Fire             3
   f - Mephitic Cloud                 Conjuration/Poison/Air       3
Comestibles
 s - a royal jelly
 w - 2 meat rations


   Skills:
 - Level 1.7 Dodging
 - Level 1.7 Stealth
 + Level 3.6 Spellcasting
 + Level 2.8 Conjurations
 - Level 0.8 Summonings
 - Level 0.8 Translocations


You couldn't memorise any spells.
You knew the following spells:

 Your Spells              Type           Power        Failure   Level  Hunger
a - Magic Dart            Conj           ###.         4%          1    None
b - Blink                 Tloc           N/A          14%         2    ##.....
c - Call Imp              Summ           #.......     14%         2    ##.....
d - Slow                  Hex            #.......     21%         2    ##.....
e - Conjure Flame         Conj/Fire      #.......     22%         3    ###....


Dungeon Overview and Level Annotations

Branches:
Dungeon (5/15)
 Temple: D:4-7

Annotations:
D:3 Sunburn's ghost, amateur MfIE
D:4 Robin


Innate Abilities, Weirdness & Mutations

You have an increased reservoir of magic. (+10% MP)


Message History

Confirm with . or Enter, or press ? or * to list all spells.
Aiming: Magic Dart
Press: ? - help, Shift-Dir - straight line, f/p - hound
Aim: a hound (moderately wounded)
The magic dart hits the hound.
The hound is heavily wounded.
The hound bites you.
* * * LOW HITPOINT WARNING * * *
Casting: Magic Dart
Confirm with . or Enter, or press ? or * to list all spells.
Aiming: Magic Dart
Press: ? - help, Shift-Dir - straight line, f/p - hound
Aim: a hound (heavily wounded)
The magic dart hits the hound.
The hound is severely wounded.
The hound misses you.
You hit the hound.
The hound is almost dead.
The hound bites you.
You die...

#
###..##########
.S.....@..)...#
###.#.<.h.....#
##........#
#........#
#........#
.........#
##########


You could see a hound and an adder.

Vanquished Creatures
  4 adders
  An ooze (D:2)
  2 worms (D:3)
  2 dart slugs (D:1)
  A leopard gecko (D:2)
  An orc (D:3)
  A giant cockroach (D:1)
  5 goblins
  8 hobgoblins
  2 jackals (D:1)
  9 kobolds
  A quokka (D:2)
  A ball python (D:3)
  2 bats
  4 frilled lizards
  4 rats
48 creatures vanquished.

Notes
Turn   | Place    | Note
-------+----------+-------------------------------------------
     0 | D:1      | drunk the Demigod Wizard began the quest for the Orb.
     0 | D:1      | Reached XP level 1. HP: 14/14 MP: 6/6
    54 | D:1      | Reached skill level 1 in Conjurations
   641 | D:1      | Reached XP level 2. HP: 20/20 MP: 4/8
   654 | D:1      | Reached skill level 3 in Spellcasting
  1033 | D:1      | Learned a level 2 spell: Blink
  1036 | D:1      | Learned a level 2 spell: Call Imp
  1039 | D:1      | Learned a level 2 spell: Slow
  1397 | D:2      | Reached XP level 3. HP: 24/26 MP: 2/10
  2078 | D:3      | Noticed Sunburn's ghost (amateur MfIE)
  2446 | D:4      | Noticed Robin
  2673 | D:3      | Reached XP level 4. HP: 24/33 MP: 6/12
  2821 | D:3      | Learned a level 3 spell: Conjure Flame
  3263 | D:5      | Entered Level 5 of the Dungeon
  3271 | D:5      | Slain by a hound

Skill      XL: |  1  2 |
---------------+-------+-----
Conjurations   | 1 2 |  2.8
Spellcasting   | 3 |  3.6
Dodging        | |  1.7
Stealth        | |  1.7
Summonings     | |  0.8
Translocations | |  0.8

Action                   |  1- 3 |  4- 6 || total
-------------------------+-------+-------++-------
Melee: Unarmed           |     8 |       ||     8
       Dagger            |    23 |     3 ||    26
 Cast: Magic Dart        |   123 |    38 ||   161
  Use: Scroll            |     3 |     2 ||     5
       Potion            |       |     5 ||     5
  Eat: Chunk             |     3 |       ||     3
       Bread ration      |     1 |       ||     1
Armor: Robe              |    13 |     4 ||    17
Dodge: Dodged            |    38 |    35 ||    73
